 Dungeon Crawl Stone Soup version 0.31-a0-237-g2d982f9f85 (webtiles) character file.

Game seed: 10312443172354147565

357 Iniera the Trooper (level 6, 0/49 HPs)
             Began as a Vampire Fighter on July 11, 2023.
             Slain by Pikel
             ... wielding a +1 whip of freezing
              (5 damage)
             ... on level 4 of the Dungeon.
             The game lasted 00:05:41 (2647 turns).

Iniera the Trooper (Vampire Fighter)                Turns: 2647, Time: 00:05:42

Health: 0/49       AC:  7    Str: 21    XL:     6   Next: 37%
Magic:  6/6        EV: 11    Int: 14    God:
Gold:   91         SH:  0    Dex: 18    Spells: 5/5 levels left

rFire   + . .        f - +0 quarterstaff (speed)
rCold   . . .        (shield currently unavailable)
rNeg    . . .        b - +4 robe of Augmentation {Str+4 Int+4 Dex+4}
rPois   .            (no helmet)
rElec   .            (no cloak)
rCorr   +            (no gloves)
SInv    +            h - +0 pair of boots
Will    .....        (no amulet)
Stlth   ++           e - ring of protection from fire
HPRegen 0.48/turn    g - ring of resist corrosion
MPRegen 0.10/turn

%: no passive effects
@: mighty, healing quickly
A: alive, fangs 3, see invisible, vampiric 2
a: Exsanguinate


You were on level 4 of the Dungeon.
You visited 1 branch of the dungeon, and saw 4 of its levels.

You collected 127 gold pieces.
You spent 36 gold pieces at shops.

Inventory:

Hand Weapons
 a - a +0 war axe
 f - a +0 quarterstaff of speed (weapon)
Armour
 b - the +4 robe of Augmentation (worn) {Str+4 Int+4 Dex+4}
   (You found it on level 3 of the Dungeon)

   Str:       It affects your strength (+4).
   Int:       It affects your intelligence (+4).
   Dex:       It affects your dexterity (+4).
 h - a +0 pair of boots (worn)
 k - a +0 plate armour
Jewellery
 e - a ring of protection from fire (left hand)
 g - a ring of resist corrosion (right hand)
 m - a +6 ring of strength
Scrolls
 i - a scroll of teleportation
 n - a scroll of blinking {unknown}
 o - a scroll of silence {unknown}
Potions
 c - a potion of curing {unknown}
 d - a potion of might
 j - a potion of mutation {unknown}
 l - a potion of degeneration {unknown}


   Skills:
 + Level 4.6 Fighting
 - Level 1.9 Axes
 + Level 3.0 Staves
 - Level 3.3 Armour
 - Level 2.9 Shields


You had 5 spell levels left.
You didn't know any spells.
Your spell library was empty.

Dungeon Overview and Level Annotations

Branches:
Dungeon (4/15)
 Temple: D:4-7

Altars:
Xom

Shops:
D:2 *

Annotations:
D:4 Pikel


Innate Abilities, Weirdness & Mutations

Your natural rate of healing is accelerated.
You have razor-sharp teeth.
You have supernaturally acute eyesight. (SInv)
You are afflicted with vampirism and can become a bat while bloodless.


Message History

You see here a quokka corpse.
You thump Pikel!
Pikel is moderately wounded.
Pikel barely misses you.
You barely miss Pikel. Your bite misses Pikel.
Pikel is moderately wounded.
Pikel hits you with a +1 whip of freezing.
Pikel freezes you.
You hit Pikel but do no damage.
Pikel is moderately wounded.
You hit Pikel but do no damage.
Pikel is moderately wounded.
Pikel hits you but does no damage.
You hit Pikel but do no damage.
Pikel is moderately wounded.
Pikel barely misses you.
You hit Pikel but do no damage.
Pikel is moderately wounded.
Pikel misses you.
You hit Pikel but do no damage.
Pikel is moderately wounded.
You barely miss Pikel.
Pikel is moderately wounded.
Pikel hits you with a +1 whip of freezing!
Pikel freezes you.
You hit Pikel but do no damage.
Pikel is moderately wounded.
Pikel hits you with a +1 whip of freezing.
* * * LOW HITPOINT WARNING * * *
Pikel freezes you.
* * * LOW HITPOINT WARNING * * *
You hit Pikel.
Pikel is heavily wounded.
Pikel hits you with a +1 whip of freezing.
* * * LOW HITPOINT WARNING * * *
Pikel freezes you.
* * * LOW HITPOINT WARNING * * *
You feel very mighty all of a sudden.
Pikel hits you with a +1 whip of freezing.
You die...

##.....)........##........
#..##..##.[....#..........
###....##.................
##.....##................#
##.g..#####...##........#.#
#..##### ##...........####
#......# #..##.###......# ..
#......#####...####...#...# ...
####....55K@....#.....##.#..
....#..#....S5####..............
....#.........# ........######.
#...........K##.....##.. #..
######................##.. #..
.....##...............##..
......
......#..###5.##.....##...
#...##
......#...#5............##.....
..∩..)'............... .....


You could see Pikel, 3 lemures and a ball python.

Vanquished Creatures
  A scorpion (D:4)
  An orc priest (D:3)
  A sleepcap (D:4)
  Jessica (D:2)
  An iguana (D:4)
  5 gnolls (D:4)
  5 adders
  An ufetubus (D:4)
  5 worms
  2 dart slugs
  4 orcs
  4 endoplasms
  6 hobgoblins
  4 jackals (D:1)
  4 quokkas
  3 ball pythons
  4 bats
  6 frilled lizards
  7 goblins
  4 kobolds
  8 rats
77 creatures vanquished.

Notes
Turn   | Place    | Note
-------+----------+-------------------------------------------
     0 | D:1      | Iniera the Vampire Fighter began the quest for the Orb.
     0 | D:1      | Reached XP level 1. HP: 17/17 MP: 1/1
    85 | D:1      | Reached XP level 2. HP: 23/23 MP: 2/2
   271 | D:1      | Reached skill level 3 in Fighting
   481 | D:2      | Found Afiqoxt's General Store.
   491 | D:2      | Gained mutation: You are afflicted with vampirism and can
                  | become a bat while bloodless. [Vampire growth]
   491 | D:2      | Reached XP level 3. HP: 28/29 MP: 3/3
   501 | D:2      | Bought a scroll of teleportation for 36 gold pieces
   522 | D:2      | Noticed Jessica
   528 | D:2      | Killed Jessica
   529 | D:2      | Reached skill level 1 in Staves
   611 | D:2      | Reached XP level 4. HP: 35/35 MP: 4/4
   888 | D:2      | Found a faded altar of an unknown god.
  1491 | D:3      | Found the +4 robe of Augmentation {Str+4 Int+4 Dex+4}
  1733 | D:3      | Reached XP level 5. HP: 28/42 MP: 5/5
  2140 | D:4      | Reached skill level 4 in Fighting
  2341 | D:4      | Reached XP level 6. HP: 41/49 MP: 6/6
  2505 | D:4      | Found a shimmering altar of Xom.
  2604 | D:4      | Noticed Pikel
  2647 | D:4      | Slain by Pikel

Illustrated notes

Levels and vault maps discovered:
D:1:      lightli_arrival_noodles, layout_rooms, dreamdust_mushroom_princess
D:2:      layout_basic, shapermc_ecumenical_altar_flowoftime, serial_shops,
          nicolae_diamond_shop, nicolae_wormholes, uniq_jessica
D:3:      wander_river, layout_basic
D:4:      layout_cave_pools, mainiacjoe_overflow_cross_hatched,
          vehumet_crystals, kennysheep_flooded_box, grunt_ministairs_6,
          uniq_natasha, uniq_pikel

Skill      XL: |  1  2  3  4  5  6 |
---------------+-------------------+-----
Fighting       | 3 4 |  4.6
Staves         | 1 2 3 |  3.0
Armour         | 3 |  3.3
Axes           | |  1.9
Shields        | |  2.9

Action                     |  1- 3 |  4- 6 || total
---------------------------+-------+-------++-------
  Melee: War axe           |     8 |       ||     8
         Quarterstaff      |    77 |   217 ||   294
         Bite              |     2 |    25 ||    27
    Use: Scroll            |     1 |     1 ||     2
         Potion            |       |     2 ||     2
   Stab: Sleeping          |       |     3 ||     3
 Armour: Scale mail        |    47 |     6 ||    53
         Plate armour      |       |    36 ||    36
         Robe              |       |    46 ||    46
  Dodge: Dodged            |    38 |   113 ||   151
  Block: Buckler           |     2 |       ||     2

Table legend: (Time is in decaauts)
 A = Elapsed time spent in this place.
 B = Non-inter-level travel time spent in this place.
 C = Inter-level travel time spent in this place.
 D = Time resting spent in this place.
 E = Time spent auto-exploring this place.
 F = Levels seen in this place.
 G = Mean time per level.
                   A        B        C        D        E       F      G
               +--------+--------+--------+--------+--------+-----+--------+
         Total |   2603 |   2473 |    130 |    268 |   1500 |   4 |  650.8 |
       Dungeon |   2603 |   2473 |    130 |    268 |   1500 |   4 |  650.8 |
               +--------+--------+--------+--------+--------+-----+--------+

Top non-repeatable levels by time:
     D:2: 914 daAuts
     D:3: 845 daAuts
     D:4: 444 daAuts
     D:1: 398 daAuts
